 Dungeon Crawl Stone Soup version 0.18-a0-775-g4d9e04e (webtiles) character file.

30 George the Cudgeler (level 3, -3/23 HPs)
             Began as a Gargoyle Fighter on Dec 13, 2015.
             Killed from afar by Sigmund (4 damage)
             ... with a puff of flame
             ... on level 2 of the Dungeon.
             The game lasted 00:01:56 (543 turns).

George the Cudgeler (Gargoyle Fighter)               Turns: 543, Time: 00:01:56

Health: -3/23      AC: 11    Str: 19    XL:     3   Next: 20%
Magic:  3/3        EV:  7    Int: 10    God:
Gold:   52         SH:  9    Dex: 10    Spells: 0 memorised, 2 levels left

rFire  . . .     SeeInvis .     a - +0 flail
rCold  . . .     Clarity  .     b - +0 scale mail
rNeg   + . .     SustAt   .     c - +0 shield
rPois  ∞         Gourm    .     (no helmet)
rElec  +         Spirit   .     o - +0 cloak
rCorr  .         Dismiss  .     (no gloves)
rMut   .         Stasis   .     (no boots)
MR     .....                    (no amulet)
Stlth  ..........               (no ring)
                                m - +2 ring of intelligence

@: not resistant to hostile enchantments, extremely unstealthy
A: negative energy resistance 1, electricity resistance, unbreathing,
petrification resistance, rot immunity, AC +3
a: no special abilities


You were on level 2 of the Dungeon.
You were not hungry.

You visited 1 branch of the dungeon, and saw 2 of its levels.

You collected 52 gold pieces.

Inventory:

Hand Weapons
 a - a +0 flail (weapon)
Armour
 b - a +0 scale mail (worn)
 c - a +0 shield (worn)
 o - a +0 cloak (worn)
Jewellery
 m - a +2 ring of intelligence (left hand)
Scrolls
 g - a scroll of blinking {unknown}
 i - a scroll of amnesia {unknown}
 j - 3 scrolls of identify {unknown}
 l - 4 scrolls of enchant weapon {unknown}
 p - a scroll of remove curse {unknown}
Potions
 d - 2 potions of might
 h - a potion of agility {unknown}
 n - a potion of curing {unknown}
Comestibles
 f - a bread ration
 k - a meat ration


   Skills:
 - Level 3.2 Fighting
 + Level 3.5 Maces & Flails
 - Level 3.2 Armour
 - Level 3.2 Shields


You had 2 spell levels left.
You didn't know any spells.

Dungeon Overview and Level Annotations

Branches:
Dungeon (2/15)

Altars:

Annotations:
D:2 Sigmund


Innate Abilities, Weirdness & Mutations

You are resistant to torment.
Your stone body is resilient (AC +3).
You are immune to poison.
You resist negative energy.
You are resistant to electric shocks.
You can survive without breathing.
You are immune to petrification.
You are immune to rotting.


Message History

Sigmund hits you with a scythe of freezing!
Sigmund freezes you.
* * * LOW HITPOINT WARNING * * *
You hit Sigmund.
Sigmund is heavily wounded.
Sigmund closely misses you.
You sock Sigmund!
Sigmund is severely wounded.
Sigmund smiles chillingly.
You block Sigmund's attack.
You hit Sigmund.
Sigmund is severely wounded.
Sigmund casts a spell at you. The magic dart hits you!
* * * LOW HITPOINT WARNING * * *
You hit Sigmund.
Sigmund is almost dead.
Sigmund points at you and mumbles some strange words.
The puff of flame hits you!
You die...

#...#...#..# #...#.##.####
#####.#.#.#.#..####.....##....#
...............†........>####.#
#.###.#.#.#.#.......#.#..# #.#
......................#..# #.#
#.###.#.........##....##.####.#
#.#...#.#######.##....##.##...#
........# #..#....##.####.###
###.##### ##@#....##........# #
.# #@#....##..###)#.# #
########)#....##..#<.....
..............##..###.#.#
....g.....######......#..
..@........#.........####
....@......#.........# ####
.....................# ...#
..........#..........#


You could see Sigmund.

Vanquished Creatures
  A worm (D:2)
  A giant gecko (D:1)
  3 bats
  3 giant cockroaches
  3 goblins
  4 hobgoblins
  3 giant newts (D:1)
  2 kobolds
  6 rats
26 creatures vanquished.

Notes
Turn   | Place    | Note
--------------------------------------------------------------
     0 | D:1      | George the Gargoyle Fighter began the quest for the Orb.
     0 | D:1      | Reached XP level 1. HP: 14/14 MP: 1/1
    59 | D:1      | Reached XP level 2. HP: 16/19 MP: 2/2
   439 | D:2      | Reached XP level 3. HP: 23/23 MP: 3/3
   525 | D:2      | Noticed Sigmund
   542 | D:2      | HP: 1/23 [Sigmund/magic dart (3)]
   543 | D:2      | Killed from afar by Sigmund

Vault maps used:
D:1:      scummos_arrival_simple_crosswalls
D:2:      uniq_iyjb, uniq_sigmund

Action                   || total
-------------------------++-------
Melee: Flail             ||   109
